 Dungeon Crawl Stone Soup version 0.27.1-2-g3b301248ec (webtiles) character file.

Game seed: 9372214474871176622

67 MajorAdolf the Sneak (level 4, 0/44 HPs)
             Began as a Naga Wanderer on Sept 25, 2021.
             Slain by a worm (11 damage)
             ... on level 3 of the Dungeon.
             The game lasted 00:03:35 (2500 turns).

MajorAdolf the Sneak (Naga Wanderer)                Turns: 2500, Time: 00:03:36

Health: 0/44       AC:  2    Str: 13    XL:     4   Next: 16%
Magic:  1/4        EV:  9    Int: 17    God:
Gold:   34         SH:  5    Dex:  8    Spells: 1/3 levels left

rFire    . . .     SeeInvis +   e - +0 dagger
rCold    . . .     Faith    .   (no shield)
rNeg     . . .     Spirit   .   f - +0 robe
rPois    +         Reflect  +   (no helmet)
rElec    .         Harm     .   (no cloak)
rCorr    .         Rampage  .   (no gloves)
Will     .....                  (no barding)
Stlth    ++........             i - amulet of reflection
HPRegen  0.14/turn              (no ring)
MPRegen  0.09/turn              (no ring)

@: short of breath, very slow
A: AC +1, large, see invisible, deformed body, poison resistance, slowness 2,
spit poison 1, naga tail 1
a: Spit Poison


You were on level 3 of the Dungeon.
You visited 1 branch of the dungeon, and saw 3 of its levels.

You collected 34 gold pieces.

Inventory:

Hand Weapons
 a - a +0 shortbow
 e - a +0 dagger (weapon)
Missiles
 d - 22 arrows
Armour
 f - a +0 robe (worn)
Jewellery
 i - an amulet of reflection (around neck)
Wands
 c - a wand of flame (13)
Scrolls
 b - a scroll of vulnerability {unknown}
 g - a scroll of magic mapping {unknown}
 h - a scroll of teleportation {unknown}
 j - a scroll of identify {unknown}
 k - a scroll of amnesia {unknown}
 l - 2 scrolls of enchant armour {unknown}
Potions
 m - 2 potions of resistance {unknown}
 n - a potion of invisibility {unknown}


   Skills:
 - Level 4.0 Fighting
 - Level 1.0 Short Blades
 - Level 1.7 Bows
 - Level 1.0 Armour
 - Level 4.1 Stealth
 + Level 0.3 Spellcasting
 + Level 0.5 Conjurations
 + Level 0.4 Air Magic
 - Level 2.5 Evocations


You had one spell level left.
You knew the following spells:

 Your Spells              Type           Power      Damage    Failure   Level
a - Static Discharge      Conj/Air       1%         N/A       28%         2

Your spell library contained the following spells:

 Spells                   Type           Power      Damage    Failure   Level
 Summon Small Mammal      Summ           0%         N/A       22%         1
 Sticky Flame             Conj/Fire      1%         2d3       90%         4
 Dispel Undead            Necr           0%         3d6       92%         4


Dungeon Overview and Level Annotations

Branches:
Dungeon (3/15)

Altars:


Innate Abilities, Weirdness & Mutations

Your serpentine skin is tough. (AC +1)
You have supernaturally acute eyesight. (SInv)
Armour fits poorly on your strangely shaped body.
Your system is resistant to poisons. (rPois)
You cover ground very slowly.
You can spit poison.
You have a snake-like lower body.


Message History

Unknown command.
You barely miss the worm.
The worm is almost dead.
The worm barely misses you.
You hit the worm.
The worm is almost dead.
You hit the worm but do no damage.
The worm is almost dead.
The worm closely misses you.
Your magical contamination has completely faded away.
You hit the worm but do no damage.
The worm is almost dead.
The worm bites you!
You hit the worm but do no damage.
The worm is severely wounded.
You have got your breath back.
You barely miss the worm.
The worm is severely wounded.
The worm bites you!
Press: ? - help, Shift-Dir - straight line, f/p - worm
Aim: a worm (severely wounded)
The splash of poison hits the worm.
The worm is severely wounded.
Unknown command.
You hit the worm but do no damage.
The worm is severely wounded.
The worm bites you but does no damage.
You hit the worm but do no damage.
The worm is severely wounded.
The worm bites you.
* * * LOW HITPOINT WARNING * * *
Unknown command.
Okay, then.
You hit the worm.
The worm is severely wounded.
Okay, then.
You hit the worm but do no damage.
The worm is severely wounded.
The worm bites you!
You die...

# ####.#######.###
......w@.......#
#.##.####.##.###
#.##.# #.##.#
###.##.# #....#.#
#....#.# #....#.#
#....#.###########


You could see a worm.

Vanquished Creatures
  An adder (D:3)
  2 dart slugs (D:1)
  3 bats
  6 endoplasms
  2 giant cockroaches
  3 goblins (D:1)
  5 hobgoblins (D:1)
  4 jackals (D:2)
  A kobold (D:1)
  3 quokkas
  9 ball pythons
  2 frilled lizards (D:1)
  7 rats
48 creatures vanquished.

Notes
Turn   | Place    | Note
-------+----------+-------------------------------------------
     0 | D:1      | MajorAdolf the Naga Wanderer began the quest for the Orb.
     0 | D:1      | MajorAdolf set off with the following items: a +0 shortbow,
                  | a +0 ring mail, a wand of flame (15), 22 arrows
     0 | D:1      | Reached XP level 1. HP: 22/22 MP: 1/1
   226 | D:1      | Reached XP level 2. HP: 13/30 MP: 2/2
   947 | D:1      | Reached XP level 3. HP: 13/36 MP: 3/3
  2091 | D:2      | Learned a level 2 spell: Static Discharge
  2269 | D:2      | Found a faded altar of an unknown god.
  2283 | D:2      | Reached XP level 4. HP: 33/44 MP: 1/4
  2360 | D:2      | Got Plato's Collected Works on the Entourage
  2500 | D:3      | Slain by a worm

Illustrated notes

Levels and vault maps discovered:
D:1:      lemuel_arrival_tunnels, layout_basic
D:2:      layout_rooms, shapermc_ecumenical_altar_rom_forum
D:3:      layout_basic, serial_shops, nicolae_shop_waterfront,
          hangedman_feature_mirror, minmay_misc_feat_four_crosses

Skill      XL: |  1  2  3 |
---------------+----------+-----
Stealth        | 2 3 4 |  4.1
Evocations     | 2 |  2.5
Fighting       | |  4.0
Short Blades   | |  1.0
Bows           | |  1.7
Armour         | |  1.0
Spellcasting   | |  0.3
Conjurations   | |  0.5
Air Magic      | |  0.4

Action                   |  1- 3 |  4- 6 || total
-------------------------+-------+-------++-------
Melee: Dagger            |   112 |    14 ||   126
 Cast: Static Discharge  |     1 |     3 ||     4
 Abil: Spit Poison       |    30 |     4 ||    34
Evoke: Wand              |     2 |       ||     2
 Stab: Sleeping          |     5 |       ||     5
Armor: Ring mail         |     2 |       ||     2
       Robe              |     8 |     1 ||     9
       Crystal plate arm |    37 |       ||    37
Dodge: Dodged            |    30 |     4 ||    34
Block: Other             |    20 |       ||    20
